 Dungeon Crawl Stone Soup version 0.27-a0-1590-g15f69828bf (webtiles) character file.

Game seed: 7924824477425086454

77 MovingMist the Shield-Bearer (level 4, -4/29 HPs)
             Began as a Gargoyle Fighter on July 18, 2021.
             Splashed by Ijyb's acid (16 damage)
             ... on level 3 of the Dungeon.
             The game lasted 00:01:56 (2257 turns).

MovingMist the Shield-Bearer (Gargoyle Fighter)     Turns: 2257, Time: 00:01:57

Health: -4/29      AC: 10    Str: 20    XL:     4   Next: 33%
Magic:  4/4        EV:  7    Int:  8    God:
Gold:   61         SH:  9    Dex: 10    Spells: 3/3 levels left

rFire    . . .     SeeInvis .   a - +0 flail
rCold    . . .     Faith    .   c - +0 kite shield
rNeg     + . .     Spirit   .   b - +0 scale mail
rPois    ∞         Reflect  .   (no helmet)
rElec    +         Harm     .   (no cloak)
rCorr    .         Rampage  .   (no gloves)
Will     .....                  (no boots)
Stlth    ..........             (no amulet)
HPRegen  0.09/turn              (no ring)
MPRegen  0.09/turn              (no ring)

@: no status effects
A: sickness immunity, AC +3, negative energy resistance 1, electricity
resistance, torment resistance 1, petrification resistance
a: no special abilities


You were on level 3 of the Dungeon.
You visited 1 branch of the dungeon, and saw 3 of its levels.

You collected 61 gold pieces.

Inventory:

Hand Weapons
 a - a +0 flail (weapon)
Armour
 b - a +0 scale mail (worn)
 c - a +0 kite shield (worn)
Scrolls
 e - a scroll of holy word {unknown}
 h - a scroll of amnesia {unknown}
 i - a scroll of enchant armour {unknown}
 j - a scroll of fear {unknown}
 k - 2 scrolls of silence {unknown}
 n - a scroll of enchant weapon {unknown}
Potions
 d - a potion of might
 f - a potion of mutation {unknown}
 g - 4 potions of curing {unknown}
 l - a potion of heal wounds {unknown}
 m - a potion of cancellation {unknown}


   Skills:
 + Level 3.7 Fighting
 + Level 2.8 Maces & Flails
 + Level 3.8 Armour
 + Level 0.6 Dodging
 + Level 4.0 Shields


You had 3 spell levels left.
You didn't know any spells.
Your spell library contained the following spells:

 Spells                   Type           Power      Damage    Failure   Level
 Sandblast                Erth           0%         2d4       99%         1
 Passwall                 Tmut/Erth      0%         N/A       100%        2
 Slow                     Hex            0%         N/A       100%        2
 Confusing Touch          Hex            0%         N/A       100%        3
 Vampiric Draining        Necr           0%         2d6       100%        3
 Lee's Rapid Deconstruct  Erth           0%         3d5*      100%        5


Dungeon Overview and Level Annotations

Branches:
Dungeon (3/15)

Altars:
Cheibriados

Annotations:
D:3 Ijyb


Innate Abilities, Weirdness & Mutations

You are immune to sickness and miasma.
Your stone body is resilient. (AC +3)
You are immune to poison.
You resist negative energy. (rN+)
You are resistant to electric shocks. (rElec)
You are resistant to unholy torment.
You are immune to petrification.


Message History

There is an empty arch of ancient stone here.
Found a stone staircase leading down.
Found 13 gold pieces.
There is a stone staircase leading down here.
You now have 61 gold pieces (gained 13).
Done exploring.
Done exploring.
(D) Dungeon
Where to? (Enter - D:2, ? - help)
What level of the Dungeon? (default 1, ? - help)
There is a stone staircase leading down here.
You climb downwards.
There is a stone staircase leading up here.
There is a stone staircase leading up here.
Found a trident.
Found a snail-covered altar of Cheibriados.
Found 9 stones.
Found a fizzy brown potion.
There is a snail-covered altar of Cheibriados here.
Found 13 poisoned darts, 23 stones and a scroll labelled VYRAVV SEOCSA.
g - 4 fizzy brown potions (gained 1)
A dart slug comes into view.
The dart slug moves out of view.
k - 2 scrolls labelled VYRAVV SEOCSA (gained 1) Ijyb the Twisted Goblin comes into view.
She is wielding a +0 club and carrying a wand of acid (11).
Found a ring mail.
Ijyb shouts!
You hear a shout!
You completely miss the dart slug. The dart slug launches a dart at you.
The slug dart hits you but does no damage.
You sock the dart slug!
You kill the dart slug!
Ijyb zaps a wand.
The bolt of acid misses you.
Your Shields skill increases to level 4!
You hit Ijyb but do no damage. Ijyb hits you with a +0 club.
You hit Ijyb.
Ijyb is lightly wounded.
Ijyb zaps a wand.
The bolt of acid hits you!
You are splashed with acid!
Ouch! That really hurt!
You die...

........#........#
......#.#.##......#
......#.#.##....(.#
#....##.#.######..#
#.(.....#.# ..#
.#####..#.# ##..#
#..#.# ......
#....##..[.....
#....@g......
#..####..##.. #..
.# #.. .# #. # ##


You could see Ijyb.

Vanquished Creatures
  2 adders (D:2)
  2 worms (D:2)
  4 dart slugs
  5 ball pythons
  3 endoplasms
  3 giant cockroaches
  8 goblins
  2 hobgoblins (D:2)
  2 jackals (D:1)
  A quokka (D:1)
  3 bats
  4 frilled lizards
  2 kobolds
41 creatures vanquished.

Vanquished Creatures (others)
  4 plants (D:2)
4 creatures vanquished.

Grand Total: 45 creatures vanquished

Notes
Turn   | Place    | Note
-------+----------+-------------------------------------------
     0 | D:1      | MovingMist the Gargoyle Fighter began the quest for the
                  | Orb.
     0 | D:1      | Reached XP level 1. HP: 14/14 MP: 1/1
   372 | D:1      | Reached XP level 2. HP: 18/19 MP: 2/2
  1122 | D:1      | Reached XP level 3. HP: 23/23 MP: 3/3
  1577 | D:2      | Reached XP level 4. HP: 15/28 MP: 4/4
  2005 | D:2      | Found a faded altar of an unknown god.
  2228 | D:3      | Found a snail-covered altar of Cheibriados.
  2253 | D:3      | Noticed Ijyb
  2256 | D:3      | Reached skill level 4 in Shields
  2257 | D:3      | Splashed by Ijyb's acid

Illustrated notes

Levels and vault maps discovered:
D:1:      dpeg_arrival_solitude, layout_loops_ring
D:2:      layout_basic, ebering_ecumenical_altar_hall, serial_forest,
          infiniplex_forest_clump_medium, infiniplex_forest_clump_double,
          infiniplex_forest_straight_1, infiniplex_forest_clump_tiny,
          infiniplex_forest_clump_small, infiniplex_forest_straight_5,
          infiniplex_forest_lined_room_3, chequers_serial_rivers_micro_e,
          hangedman_decor_growths, serial_park_tiny_pond
D:3:      layout_loops_ring, makhleb_altar_promises_db,
          overflow_temple_1_default, uniq_sigmund, uniq_terence, uniq_ijyb

Skill      XL: |  1  2  3  4 |
---------------+-------------+-----
Shields        | 4 |  4.0
Fighting       | |  3.7
Maces & Flails | |  2.8
Armour         | |  3.8
Dodging        | |  0.6

Action                   |  1- 3 |  4- 6 || total
-------------------------+-------+-------++-------
Melee: Flail             |   137 |    37 ||   174
Armor: Scale mail        |    87 |    15 ||   102
Dodge: Dodged            |    72 |     9 ||    81
Block: Kite shield       |    98 |    15 ||   113

Table legend: (Time is in decaauts)
 A = Elapsed time spent in this place.
 B = Non-inter-level travel time spent in this place.
 C = Inter-level travel time spent in this place.
 D = Time resting spent in this place.
 E = Time spent auto-exploring this place.
 F = Levels seen in this place.
 G = Mean time per level.
                   A        B        C        D        E       F      G
               +--------+--------+--------+--------+--------+-----+--------+
         Total |   2345 |   2318 |     27 |    294 |   1598 |   3 |  781.7 |
       Dungeon |   2345 |   2318 |     27 |    294 |   1598 |   3 |  781.7 |
               +--------+--------+--------+--------+--------+-----+--------+

Top non-repeatable levels by time:
     D:1: 1316 daAuts
     D:2: 992 daAuts
     D:3: 36 daAuts
